 Dungeon Crawl Stone Soup version 0.30-a0-292-g0f741e3f8e (webtiles) character file.

Game seed: 10368993070281654652

1862 koil the Covert (level 8, -1/42 HPs)
             Began as a Spriggan Enchanter on Oct 17, 2022.
             Killed from afar by an electric eel (7 damage)
             ... with a bolt of electricity
             ... on level 6 of the Dungeon on Oct 18, 2022.
             The game lasted 00:23:50 (6513 turns).

koil the Covert (Spriggan Enchanter)                Turns: 6513, Time: 00:23:51

Health: -1/42      AC:  4    Str: 10    XL:     8   Next: 89%
Magic:  25/27      EV: 21    Int: 17    God:
Gold:   146        SH:  0    Dex: 17    Spells: 14/19 levels left

rFire   . . .      SeeInvis +    a - +4 dagger
rCold   . . .      Faith    .    (no shield)
rNeg    . . .      Spirit   .    J - +2 robe
rPois   .          Reflect  .    (helmet restricted)
rElec   .          Harm     .    (no cloak)
rCorr   +          Rampage  .    (gloves unavailable)
Will    +....                    (boots unavailable)
Stlth   ++++......               (no amulet)
HPRegen 0.27/turn                d - ring of resist corrosion
MPRegen 0.20/turn                v - ring "Vongamy" {MP+9 Str+6}

@: very quick
A: very small, no large weapons, unfitting armour, see invisible, speed 3
a: no special abilities


You were on level 6 of the Dungeon.
You visited 2 branches of the dungeon, and saw 7 of its levels.
You also visited: Ossuary.

You collected 298 gold pieces.
You spent 152 gold pieces at shops.

Inventory:

Hand Weapons
 a - a +4 dagger (weapon)
 h - a +4 falchion
 i - a +4 spear
 B - a +5 battleaxe
 C - a +2 dagger
Missiles
 w - 2 poisoned darts (quivered)
Armour
 J - a +2 robe (worn)
Jewellery
 d - a ring of resist corrosion (left hand)
 v - the ring "Vongamy" (right hand) {MP+9 Str+6}
   (You found it in an ossuary)

   [ring of strength]

   Str:       It affects your strength (+6).
   MP:        It affects your magic capacity (+9).
Wands
 b - a wand of light (9)
 t - a wand of digging (3)
Scrolls
 e - 4 scrolls of identify
 f - 2 scrolls of enchant weapon
 g - 2 scrolls of magic mapping {unknown}
 k - a scroll of amnesia {unknown}
 m - 2 scrolls of fear
 p - a scroll of teleportation
 q - a scroll of enchant armour {unknown}
 s - 3 scrolls of butterflies
 x - 2 scrolls of blinking
 y - a scroll of poison
Potions
 c - 2 potions of invisibility
 j - 3 potions of ambrosia
 l - a potion of brilliance
 n - 3 potions of curing
 o - 5 potions of heal wounds
 r - a potion of haste
 u - a potion of cancellation {unknown}
 z - a potion of lignification
 A - a potion of resistance


   Skills:
 + Level 3.8 Fighting
 + Level 5.0 Short Blades
 + Level 6.5 Dodging
 + Level 8.6 Stealth
 + Level 6.3 Spellcasting
 + Level 6.6 Hexes


You had 14 spell levels left.
You knew the following spells:

 Your Spells              Type           Power      Damage    Failure   Level
a - Ensorcelled Hibernat  Hex/Ice        32%        N/A       4%          2
b - Confusing Touch       Hex            27%        N/A       2%          3

Your spell library contained the following spells:

 Spells                   Type           Power      Damage    Failure   Level
 Tukima's Dance           Hex            27%        N/A       2%          3
 Dazzling Flash           Conj/Hex       32%        N/A       10%         3
 Inner Flame              Hex/Fire       16%        N/A       10%         3
 Necrotise                Necr           20%        1d5       12%         1
 Vampiric Draining        Necr           5%         2d6       36%         3
 Silence                  Hex/Air        8%         N/A       65%         5
 Flame Wave               Conj/Fire      5%         2d5       77%         4
 Sticky Flame             Conj/Fire      5%         2d3       77%         4
 Agony                    Necr           5%         N/A       98%         5


Dungeon Overview and Level Annotations

Branches:
Dungeon (6/15)             Temple (1/1) D:4         Ossuary (visited)

Altars:
Dithmenos
Elyvilon
Fedhas
Hepliaklqana
Kikubaaqudgha
Makhleb
Nemelex Xobeh
Qazlal
Uskayaw
Wu Jian
Xom
Yredelemnul

Shops:
D:1 *   D:4 [


Innate Abilities, Weirdness & Mutations

You are very small and have problems with some larger weapons.
You are too small for most types of armour.
You have supernaturally acute eyesight. (SInv)
You cover ground extremely quickly. (Speed+++)


Message History

You shout for attention!
The orc shouts!
You hear a shout! x2
The orc priest shouts!
You hear a shout!
The orc priest completely misses you.
Things that are here:
a +3 long sword; a +0 robe You hit the orc priest.
The orc priest is heavily wounded.
The orc priest completely misses you.
You closely miss the orc priest.
The orc priest is heavily wounded.
The orc priest misses you.
You hit the orc priest.
The orc priest is heavily wounded.
You hit the orc priest.
The orc priest is almost dead.
An orc comes into view. It is wielding a +0 short sword.
The orc misses you.
An electric eel comes into view.
The orc priest mumbles some strange prayers to Beogh against you.
You resist with some effort.
You barely miss the orc priest.
The orc priest is almost dead.
The orc completely misses you.
The orc priest calls down the wrath of Beogh upon you.
Beogh smites you!
Unknown command.
You hit the orc priest but do no damage.
The orc priest is almost dead.
The orc priest misses you.
You hit the orc priest.
The orc priest is almost dead.
You barely miss the orc priest.
The orc priest is almost dead.
The electric eel shoots out a bolt of lightning at you!
The bolt of electricity hits the orc!
The orc dies!
The bolt of electricity hits you!
* * * LOW HITPOINT WARNING * * *
The bolt of electricity hits you!
You die...

#.≈... #.≈. #.≈.# #.≈. #
#.≈.# #.≈. §. #.≈.#
.≈.## ≈§#._ .#.≈$# #.≈.#
§§§#.. .#.≈.#
#.≈.##§.§.#### .#.≈...
#.≈...o.§o.§§. .#.≈≈≈≈..
#.≈)###.§≈§§§§
.#.....#####.≈.)@#.§§.§§
.######......≈.#oo§.....
.. ≈≈≈≈S≈≈...#..###..
≈≈≈≈≈ ..........#.......
#.# ######.......####
#.# ####.##.# #.# #[# #
#.# ######<# #.#
#...##.#


You could see an electric eel, an orc priest and an orc.

Vanquished Creatures
  Sigmund (D:2)
  Eustachio (D:5)
  An ice beast (D:5)
  2 ogres (D:5)
  An elf zombie (Ossuary)
  2 bullfrogs (D:6)
  8 wights (D:6)
  A howler monkey (D:6)
  A centaur zombie (Ossuary)
  An orc priest (D:4)
  3 hounds
  A jelly (D:5)
  4 iguanas
  An orc wizard (D:3)
  4 ogre zombies (Ossuary)
  7 mummies (Ossuary)
  6 adders
  6 adder zombies (Ossuary)
  A worm (D:5)
  4 dart slugs
  7 orcs
  6 endoplasms
  8 giant cockroaches
  2 gnoll zombies (Ossuary)
  5 goblins
  9 hobgoblins
  5 jackals
  3 quokkas (D:2)
  10 ball pythons
  5 bats
  6 frilled lizards
  5 goblin zombies (Ossuary)
  3 hobgoblin zombies (Ossuary)
  6 kobolds
  2 kobold zombies (Ossuary)
  4 quokka zombies (Ossuary)
  6 rats
  2 rat zombies (Ossuary)
150 creatures vanquished.

Vanquished Creatures (others)
  An orc (D:6)
1 creature vanquished.

Grand Total: 151 creatures vanquished

Notes
Turn   | Place    | Note
-------+----------+-------------------------------------------
     0 | D:1      | koil the Spriggan Enchanter began the quest for the Orb.
     0 | D:1      | Reached XP level 1. HP: 9/9 MP: 5/5
   233 | D:1      | Reached XP level 2. HP: 13/13 MP: 6/6
   236 | D:1      | Learned a level 2 spell: Ensorcelled Hibernation
   802 | D:1      | Reached XP level 3. HP: 9/17 MP: 5/8
   841 | D:1      | Found Womem's Assorted Antiques.
  1299 | D:2      | Reached skill level 1 in Fighting
  1326 | D:2      | Found a faded altar of an unknown god.
  1570 | D:2      | Reached skill level 5 in Stealth
  1753 | D:2      | Reached XP level 4. HP: 22/22 MP: 4/9
  2022 | D:2      | Noticed Sigmund
  2025 | D:2      | Killed Sigmund
  2026 | D:2      | Reached XP level 5. HP: 26/26 MP: 9/11
  2403 | D:3      | Found an ornate altar of the Wu Jian Council.
  2535 | D:3      | Reached XP level 6. HP: 30/30 MP: 13/13
  2560 | D:3      | Identified the +4 spear "Kirerrus" {venom, Int+4}
  2591 | D:3      | Upgraded the game from 0.30-a0-279-g4b46babb21 to
                  | 0.30-a0-292-g0f741e3f8e
  2621 | D:3      | Learned a level 3 spell: Confusing Touch
  2992 | D:4      | Found a staircase to the Ecumenical Temple.
  3005 | D:4      | Reached skill level 6 in Stealth
  3064 | D:4      | Found Famputs's Armour Boutique.
  3781 | D:4      | Bought a +2 robe for 152 gold pieces
  4003 | Temple   | Entered the Ecumenical Temple
  4003 | Temple   | Found a transporter.
  4003 | Temple   | Found a transporter.
  4005 | Temple   | Found a transporter.
  4005 | Temple   | Found a transporter.
  4220 | D:5      | Entered Level 5 of the Dungeon
  4264 | D:5      | Reached skill level 5 in Hexes
  4326 | D:5      | Found a hide-covered altar of Uskayaw.
  4492 | D:5      | Reached XP level 7. HP: 35/35 MP: 14/14
  4578 | D:5      | Noticed Eustachio
  4587 | D:5      | Killed Eustachio
  4870 | D:5      | Reached skill level 5 in Dodging
  4870 | D:5      | Reached skill level 7 in Stealth
  4870 | D:5      | Reached skill level 5 in Spellcasting
  5176 | D:6      | Reached XP level 8. HP: 40/40 MP: 15/17
  5236 | D:6      | Found a sand-covered staircase.
  5317 | Ossuary  | Entered an ossuary
  5947 | Ossuary  | Reached skill level 8 in Stealth
  6252 | Ossuary  | Identified the ring "Vongamy" {MP+9 Str+6}
  6484 | D:6      | Found a shadowy altar of Dithmenos.
  6495 | D:6      | Reached skill level 5 in Short Blades
  6513 | D:6      | Killed from afar by an electric eel

Illustrated notes

Levels and vault maps discovered:
D:1:      dpeg_arrival_round_b, layout_loops_ring, serial_shops,
          nicolae_shop_window_shopping, minmay_shallow_snake_nest
D:2:      minmay_recursive_quarters, layout_basic,
          chequers_ecumenical_altar_simple, uniq_sigmund
D:3:      layout_basic, marbit_many_paths, grunt_decor_cap
D:4:      layout_cave_pools, minmay_temple_entry_waves, serial_shops,
          nicolae_diamond_shop, sigmund_army
D:5:      layout_gridville, nicolae_uskayaw_suspiria, dreamdust_princess_bridge,
          uniq_eustachio
D:6:      minmay_bubble_buster, layout_loops_ring, okawaru_gym_becter,
          mainiacjoe_overflow_brackets, nicolae_overflow_squiral,
          lightli_ossuary_entry_decrepit_ruins
Temple:   hellmonk_temple_divided_pantheon

Skill      XL: |  1  2  3  4  5  6  7  8 |
---------------+-------------------------+-----
Dodging        | 3 4 5 6 |  6.5
Spellcasting   | 3 4 5 6 |  6.3
Hexes          | 4 5 6 |  6.6
Fighting       | 1 2 3 |  3.8
Stealth        | 5 6 7 8 |  8.6
Short Blades   | 2 3 4 5 |  5.0

Action                   |  1- 3 |  4- 6 |  7- 9 || total
-------------------------+-------+-------+-------++-------
Melee: Dagger            |   145 |   179 |   219 ||   543
       Punch             |       |     1 |       ||     1
 Cast: Ensorcelled Hiber |    16 |    23 |    10 ||    49
       Confusing Touch   |       |       |    19 ||    19
Evoke: Wand              |       |       |     2 ||     2
  Use: Scroll            |       |    15 |       ||    15
       Potion            |       |     4 |       ||     4
 Stab: Sleeping          |    20 |    24 |    29 ||    73
       Confused          |       |       |    15 ||    15
Armor: Robe              |    11 |    14 |    11 ||    36
Dodge: Dodged            |    94 |   146 |    99 ||   339

Table legend: (Time is in decaauts)
 A = Elapsed time spent in this place.
 B = Non-inter-level travel time spent in this place.
 C = Inter-level travel time spent in this place.
 D = Time resting spent in this place.
 E = Time spent auto-exploring this place.
 F = Levels seen in this place.
 G = Mean time per level.
                   A        B        C        D        E       F      G
               +--------+--------+--------+--------+--------+-----+--------+
         Total |   4804 |   4654 |    150 |    653 |   2704 |   8 |  600.5 |
       Dungeon |   3848 |   3698 |    150 |    444 |   2353 |   6 |  641.3 |
        Temple |    140 |    140 |      0 |     52 |      4 |   1 |  140.0 |
       Ossuary |    815 |    815 |      0 |    157 |    347 |   1 |  815.0 |
               +--------+--------+--------+--------+--------+-----+--------+

Top non-repeatable levels by time:
     D:2: 876 daAuts
 Ossuary: 815 daAuts
     D:1: 791 daAuts
     D:4: 655 daAuts
     D:5: 644 daAuts
     D:3: 619 daAuts
     D:6: 262 daAuts
  Temple: 140 daAuts
